 Dungeon Crawl Stone Soup version 0.19.5 (webtiles) character file.

347 wolfsongas the Cudgeler (level 6, 0/45 HPs)
             Began as a Minotaur Fighter on May 5, 2017.
             Was a Follower of Hepliaklqana.
             Succumbed to a worker ant's poison
             ... on level 4 of the Dungeon.
             The game lasted 00:07:25 (3038 turns).

wolfsongas the Cudgeler (Minotaur Fighter)          Turns: 3038, Time: 00:07:25

Health: 0/45       AC:  6    Str: 26    XL:     6   Next: 32%
Magic:  5/5        EV:  8    Int:  5    God:    Hepliaklqana [*.....]
Gold:   148        SH: 12    Dex: 11    Spells: 0 memorised, 5 levels left

rFire  . . .     SeeInvis .     a - +0 flail
rCold  . . .     Gourm    .     b - +0 scale mail
rNeg   . . .     Faith    .     c - +2 shield
rPois  .         Spirit   .     (helmet restricted)
rElec  .         Reflect  .     (no cloak)
rCorr  .         Harm     +     (no gloves)
MR     .....                    (no boots)
Stlth  ..........               e - amulet of harm
                                (no ring)
                                (no ring)

@: mighty, lethally poisoned (0 -> -6)
A: retaliatory headbutt, reduced essence, horns 2
a: Recall Ancestor, Ancestor Identity, Renounce Religion


You were on level 4 of the Dungeon.
You worshipped Hepliaklqana.
Hepliaklqana was aware of your devotion.
You were not hungry.

You visited 1 branch of the dungeon, and saw 4 of its levels.

You collected 148 gold pieces.

Inventory:

Hand Weapons
 a - a +0 flail (weapon)
Armour
 b - a +0 scale mail (worn)
 c - a +2 shield (worn)
Jewellery
 e - an amulet of harm (around neck)
Wands
 i - a wand of confusion (7/48)
Scrolls
 g - 2 scrolls of teleportation
 h - 2 scrolls of identify
 j - a scroll of remove curse
 k - a scroll of immolation
Potions
 l - a potion of cancellation
Comestibles
 f - 2 bread rations
 m - 2 meat rations
 q - a beef jerky


   Skills:
 - Level 3.6 Fighting
 * Level 7.6 Maces & Flails
 - Level 3.6 Armour
 + Level 2.0 Dodging
 - Level 0.8 Stealth
 - Level 3.6 Shields


You had 5 spell levels left.
You didn't know any spells.

Dungeon Overview and Level Annotations

Branches:
Dungeon (4/15)
 Temple: D:4-7

Altars:
Cheibriados
Hepliaklqana
Kikubaaqudgha


Innate Abilities, Weirdness & Mutations

You reflexively headbutt those who attack you in melee.
You have a pair of horns on your head.
Your life essence is reduced. (-10% HP)


Message History

You are poisoned.
The worker ant poisons you! You block the goblin's attack.
The worker ant bites you but does no damage.
You sock the worker ant! Your headbutt misses the worker ant.
The worker ant is heavily wounded.
You feel sick. You block the goblin's attack.
The worker ant bites you but does no damage.
The goblin hits you but does no damage.
You barely miss the worker ant. Your headbutt misses the worker ant.
The worker ant is heavily wounded.
You feel sick. The worker ant bites you.
* * * LOW HITPOINT WARNING * * *
The worker ant bites you.
* * * LOW HITPOINT WARNING * * *
The goblin hits you with a club.
* * * LOW HITPOINT WARNING * * *
Your shield and scale mail prevent you from hitting the worker ant.
You headbutt the worker ant!
You kill the worker ant!
You die...

................#
......!..%.....[#
................#
......?.........#
..........<.....#.
.<.......)........
.......w.........#
#######g##.#####.#
#.†@.#... #
#.######## ...
#... #... #.. ###


You could see a worm and a goblin.

Vanquished Creatures
  A water moccasin (D:3)
  A black bear (D:3)
  A worker ant (D:4)
  Robin (D:4)
  4 adders
  An ooze (D:4)
  A worm (D:3)
  A dart slug (D:3)
  A leopard gecko (D:3)
  9 bats
  3 giant cockroaches
  11 hobgoblins
  4 kobolds
  3 frilled lizards
  12 goblins
  9 rats
63 creatures vanquished.

Vanquished Creatures (collateral kills)
  2 goblins (D:3)
2 creatures vanquished.

Vanquished Creatures (others)
  An ancestor (D:4)
1 creature vanquished.

Grand Total: 66 creatures vanquished

Notes
Turn   | Place    | Note
-------+----------+-------------------------------------------
     0 | D:1      | wolfsongas the Minotaur Fighter began the quest for the Orb.
     0 | D:1      | Reached XP level 1. HP: 19/19 MP: 0/0
   155 | D:1      | Reached skill level 3 in Maces & Flails
   162 | D:1      | Reached XP level 2. HP: 24/26 MP: 1/1
   923 | D:2      | Reached skill level 4 in Maces & Flails
   923 | D:2      | Reached XP level 3. HP: 31/31 MP: 2/2
  1234 | D:2      | Found a hazy altar of Hepliaklqana.
  1263 | D:2      | Became a worshipper of Hepliaklqana the Forgotten
  1727 | D:3      | Found a snail-covered altar of Cheibriados.
  1758 | D:3      | Noticed a black bear
  1770 | D:3      | Killed a black bear
  1770 | D:3      | Reached skill level 6 in Maces & Flails
  1770 | D:3      | Reached skill level 1 in Dodging
  1770 | D:3      | Reached XP level 4. HP: 5/35 MP: 3/3
  1770 | D:3      | Reached XP level 5. HP: 6/40 MP: 4/4
  2047 | D:3      | Noticed a water moccasin
  2054 | D:3      | Killed a water moccasin
  2054 | D:3      | Reached skill level 7 in Maces & Flails
  2054 | D:3      | Reached XP level 6. HP: 24/45 MP: 5/5
  2499 | D:3      | Found an ancient bone altar of Kikubaaqudgha.
  2501 | D:3      | Reached * piety under Hepliaklqana
  3008 | D:4      | Noticed Robin
  3029 | D:4      | Killed Robin
  3037 | D:4      | HP: 2/45 [worker ant (2)]
  3038 | D:4      | Succumbed to a worker ant's poison

Skill      XL: |  1  2  3  4  5  6 |
---------------+-------------------+-----
Maces & Flails | 3 4 6 7 |  7.6
Dodging        | 1 2 |  2.0
Fighting       | |  3.6
Armour         | |  3.6
Stealth        | |  0.8
Shields        | |  3.6

Action                   |  1- 3 |  4- 6 || total
-------------------------+-------+-------++-------
Melee: Flail             |    97 |    52 ||   149
       Headbutt          |    11 |    10 ||    21
Invok: Ancestor Identity |     1 |       ||     1
  Use: Scroll            |     7 |     1 ||     8
       Potion            |     1 |     4 ||     5
  Eat: Bread ration      |     1 |     1 ||     2
Armor: Scale mail        |    50 |    20 ||    70
Dodge: Dodged            |    32 |    15 ||    47
Block: Shield            |    57 |    42 ||    99
